 Dungeon Crawl Stone Soup version 0.22.0-25-g7663229 (webtiles) character file.

37 corax the Magician (level 3, 0/28 HPs)
             Began as a Mummy Warper on Aug 20, 2018.
             Slain by Terence
             ... wielding a +0 hand axe
              (5 damage)
             ... on level 2 of the Dungeon.
             The game lasted 00:02:55 (1760 turns).

corax the Magician (Mummy Warper)                   Turns: 1760, Time: 00:02:56

Health: 0/28       AC:  3    Str: 14    XL:     3   Next: 23%
Magic:  2/7        EV: 12    Int: 13    God:
Gold:   43         SH:  0    Dex: 11    Spells: 3/8 levels left

rFire    x . .     SeeInvis .   a - +0 mace
rCold    + . .     Gourm    .   (no shield)
rNeg     + + +     Faith    .   b - +0 leather armour
rPois    ∞         Spirit   .   (no helmet)
rElec    .         Reflect  .   (no cloak)
rCorr    .         Harm     .   (no gloves)
MR       .....                  (no boots)
Stlth    +.........             (no amulet)
HPRegen  0.09/turn              (no ring)
MPRegen  0.10/turn              (no ring)

@: no status effects
A: no food or potions, fire vulnerability, cold resistance 1, negative energy
resistance 3, torment resistance, unbreathing
a: no special abilities


You were on level 2 of the Dungeon.
You were not hungry.

You visited 1 branch of the dungeon, and saw 2 of its levels.

You collected 43 gold pieces.

Inventory:

Hand Weapons
 a - a +0 mace (weapon)
Missiles
 c - 4 tomahawks
 e - 2 tomahawks of dispersal (quivered)
Armour
 b - a +0 leather armour (worn)
Scrolls
 d - a scroll of blinking


   Skills:
 + Level 2.3 Fighting
 + Level 1.9 Maces & Flails
 - Level 0.7 Throwing
 + Level 1.2 Armour
 + Level 1.8 Dodging
 + Level 0.6 Stealth
 + Level 3.0 Spellcasting
 + Level 2.5 Translocations


You had 3 spell levels left.
You knew the following spells:

 Your Spells              Type           Power        Failure   Level  Hunger
a - Blink                 Tloc           N/A          16%         2    N/A
b - Lesser Beckoning      Tloc           #.........   30%         3    N/A

Your spell library contained the following spells:

 Spells                   Type           Power        Failure   Level  Hunger
 Shroud of Golubria       Chrm/Tloc      #.........   26%         2    N/A
 Gell's Gravitas          Tloc           #.........   30%         3    N/A
 Teleport Other           Tloc           #.......     30%         3    N/A
 Passage of Golubria      Tloc           N/A          69%         4    N/A

Dungeon Overview and Level Annotations

Branches:
Dungeon (2/15)

Altars:

Annotations:
D:2 Terence


Innate Abilities, Weirdness & Mutations

You do not eat or drink.
Your flesh is vulnerable to fire.
You are immune to poison.
Your flesh is cold resistant. (rC+)
You are immune to negative energy. (rN+++)
You are immune to unholy pain and torment.
You can survive without breathing.


Message History

Confirm with . or Enter, or press ? or * to list all spells.
You blink.
Terence shouts, "Now you die!"
Throwing (i - inventory. (/) - cycle)
e - 4 tomahawks of dispersal (quivered)
Press: ? - help, Shift-Dir - straight line, f/p - Terence
Aim: Terence, wielding a hand axe and wearing a scale mail (severely wounded)
You throw a tomahawk of dispersal.
The tomahawk of dispersal completely misses Terence.
Throwing (i - inventory. (/) - cycle)
e - 3 tomahawks of dispersal (quivered)
Press: ? - help, Shift-Dir - straight line, f/p - Terence
Aim: Terence, wielding a hand axe and wearing a scale mail (severely wounded)
You throw a tomahawk of dispersal.
The tomahawk of dispersal barely misses Terence.
Casting: Blink (safe; 16% risk of failure)
Confirm with . or Enter, or press ? or * to list all spells.
You don't have enough magic to cast that spell.
There is an open door here.
Terence says, "How do you enjoy it?" Terence hits you with a hand axe.
You die...

##.......##
#.........#
+.........+
#.........#
##.......##
##.....##
##...## ##@## #
# #@# #.#####.#
#.# #....<..#
##.## ####.####
##...##
######.#
#.....#
#...%..#
##...##
#.######
.#####.#####.#
..............#
#.#############


You could see Terence.

Vanquished Creatures
  2 dart slugs (D:1)
  7 bats (D:1)
  2 giant cockroaches (D:1)
  6 goblins
  4 hobgoblins (D:1)
  2 frilled lizards (D:1)
  3 kobolds (D:1)
  3 rats (D:1)
29 creatures vanquished.

Notes
Turn   | Place    | Note
-------+----------+-------------------------------------------
     0 | D:1      | corax the Mummy Warper began the quest for the Orb.
     0 | D:1      | Reached XP level 1. HP: 16/16 MP: 4/4
   214 | D:1      | Reached skill level 1 in Armour
   224 | D:1      | Reached XP level 2. HP: 19/22 MP: 5/5
   257 | D:1      | Learned a level 2 spell: Blink
   337 | D:1      | Reached skill level 3 in Spellcasting
  1119 | D:1      | Reached XP level 3. HP: 27/27 MP: 7/7
  1124 | D:1      | Learned a level 3 spell: Lesser Beckoning
  1728 | D:2      | Noticed Terence
  1760 | D:2      | Slain by Terence

Skill      XL: |  1  2 |
---------------+-------+-----
Armour         | 1 |  1.2
Spellcasting   | 3 |  3.0
Fighting       | |  2.3
Maces & Flails | |  1.9
Throwing       | |  0.7
Dodging        | |  1.8
Stealth        | |  0.6
Translocations | |  2.5

Action                   || total
-------------------------++-------
Melee: Mace              ||   127
Throw: Tomahawk          ||     3
 Cast: Blink             ||     3
 Stab: Sleeping          ||     1
Armor: Leather armour    ||    70
Dodge: Dodged            ||   105
